Workbook
Name tdRepliesUniqueIdentifierCol_lnkRepliesUniqueIdentifierViewLink_0: #REF!
Name tdRepliesUniqueIdentifierCol_lnkRepliesUniqueIdentifierViewLink_1: #REF!
Name tdRepliesUniqueIdentifierCol_lnkRepliesUniqueIdentifierViewLink_10: #REF!
Name tdRepliesUniqueIdentifierCol_lnkRepliesUniqueIdentifierViewLink_11: #REF!
Name tdRepliesUniqueIdentifierCol_lnkRepliesUniqueIdentifierViewLink_12: #REF!
Name tdRepliesUniqueIdentifierCol_lnkRepliesUniqueIdentifierViewLink_13: #REF!
Name tdRepliesUniqueIdentifierCol_lnkRepliesUniqueIdentifierViewLink_14: #REF!
Name tdRepliesUniqueIdentifierCol_lnkRepliesUniqueIdentifierViewLink_15: #REF!
Name tdRepliesUniqueIdentifierCol_lnkRepliesUniqueIdentifierViewLink_16: #REF!
Name tdRepliesUniqueIdentifierCol_lnkRepliesUniqueIdentifierViewLink_17: #REF!
Name tdRepliesUniqueIdentifierCol_lnkRepliesUniqueIdentifierViewLink_18: #REF!
Name tdRepliesUniqueIdentifierCol_lnkRepliesUniqueIdentifierViewLink_19: #REF!
Name tdRepliesUniqueIdentifierCol_lnkRepliesUniqueIdentifierViewLink_2: #REF!
Name tdRepliesUniqueIdentifierCol_lnkRepliesUniqueIdentifierViewLink_20: #REF!
Name tdRepliesUniqueIdentifierCol_lnkRepliesUniqueIdentifierViewLink_21: #REF!
Name tdRepliesUniqueIdentifierCol_lnkRepliesUniqueIdentifierViewLink_3: #REF!
Name tdRepliesUniqueIdentifierCol_lnkRepliesUniqueIdentifierViewLink_4: #REF!
Name tdRepliesUniqueIdentifierCol_lnkRepliesUniqueIdentifierViewLink_5: #REF!
Name tdRepliesUniqueIdentifierCol_lnkRepliesUniqueIdentifierViewLink_6: #REF!
Name tdRepliesUniqueIdentifierCol_lnkRepliesUniqueIdentifierViewLink_7: #REF!
Name tdRepliesUniqueIdentifierCol_lnkRepliesUniqueIdentifierViewLink_8: #REF!
Name tdRepliesUniqueIdentifierCol_lnkRepliesUniqueIdentifierViewLink_9: #REF!

Sheet PROPONENTES
A2: PROCESO | B2: FDLCH-SASI-004-2024 (121110).
A3: OBJETO | B3: PRESTAR SERVICIOS PARA EL FORTALECIMIENTO, CONSTRUCCIÓN DE SOSTENIBILIDAD A LARGO PLAZO Y CAPACITACIÓN DE LAS ORGANIZACIONES SOCIALES, COMUNITARIAS E INSTANCIAS DE PARTICIPACIÓN CIUDADANA. Y EL FOMENTO DE LA PARTICIPACIÓN CIUDADANA, ESTRATEGIA DE PRESUPUESTOS PARTICIPATIVOS, EL GOBIERNO ABIERTO, EN LA LOCALIDAD DE CHAPINERO.
A4: PRESUPUESTO OFICIAL | B4: 575150000 | F4: 1300000 | H4: =B4/F4 -> 442.42308
A7: INFORMACIÓN GENERAL | F7: FINANCIERO
A8: No. | B8: OFERENTES | C8: INTEGRANTES | D8: NIT | E8: Oferta | F8: AÑO | G8: Participación | H8: Activo Corriente | I8: Activo Total | J8: Pasivo Corriente | K8: Pasivo Total | L8: Patrimonio | M8: Utilidad / Perdida Operacional | N8: Gastos De Intereses
A9: 1 | B9: ADIFCOL | C9: N/A | D9: 900.216.251-5 | F9: 2023 | G9: 1 | H9: 1438713437 | I9: 1522585274 | J9: 101454276 | K9: 101454276 | L9: 1421130998 | M9: 299047000 | N9: 6892000
A10: 2 | B10: BONGA BUSTAMANTE S.A.S. | C10: N/A | D10: 800.181.439-7 | F10: 2023 | G10: 1 | H10: 970980472 | I10: 1314480472 | J10: 275000000 | K10: 275000000 | L10: 1039480472 | M10: 209071321 | N10: 0
A11: 3 | B11: CORPORACION INSTITUTO DE ADMINISTRACION Y FINANZAS | C11: N/A | D11: 891.408.248-5 | F11: 2023 | G11: 1 | H11: 4774976597 | I11: 7125807030 | J11: 1344136494 | K11: 2540232236 | L11: 4585574794 | M11: 2111579922 | N11: 88840526
A12: 4 | B12: FUNVIVIR ONG | C12: N/A | D12: 900.239.272-9 | F12: 2023 | G12: 1 | H12: 189846304 | I12: 189846304 | J12: 52355193 | K12: 52355193 | L12: 137491111 | M12: 61602514 | N12: 209000

Sheet Consolidado FH
A2: PROCESO | C2: =PROPONENTES!B2 -> FDLCH-SASI-004-2024 (121110).
A3: OBJETO | C3: =PROPONENTES!B3 -> PRESTAR SERVICIOS PARA EL FORTALECIMIENTO, CONSTRUCCIÓN DE SOSTENIBILIDAD A LARGO PLAZO Y CAPACITACIÓN DE LAS ORGANIZACIONES SOCIALES, COMUNITARIAS E INSTANCIAS DE PARTICIPACIÓN CIUDADANA. Y EL FOMENTO DE LA PARTICIPACIÓN CIUDADANA, ESTRATEGIA DE PRESUPUESTOS PARTICIPATIVOS, EL GOBIERNO ABIERTO, EN LA LOCALIDAD DE CHAPINERO.
A5: No. | B5: FACTOR | C5: 1. Requisitos Habilitantes De Carácter Jurídico | D5: 2. Requisito Habilitante Condiciones De Experiencia | E5: 3. Requisito Habilitante De Carácter Financiero | F5: 4. Requisito Habilitante De Carácter Organizacional | G5: 5. Capital de Trabajo | H5: 6. REQUISITOS TÉCNICOS | N5: RESULTADO EVALUACIÓN FINAL
B6: ENTIDAD
A7: =PROPONENTES!A9 -> 1 | B7: =PROPONENTES!B9 -> ADIFCOL | C7: ='1. JURÍDICOS'!AH4 -> CUMPLE | D7: ='2. EXPERIENCIA'!R4 -> CUMPLE | E7: ='3. FINANCIERA'!U5 -> CUMPLE | F7: ='4. CAPACIDAD ORGANIZACIONAL'!S5 -> CUMPLE | H7: ='6. REQUISITOS TÉCNICOS'!T5 -> CUMPLE | L7: =HLOOKUP("No Cumple",C7:K7,1,0) -> #N/A | M7: =IFERROR(L7,"Cumple") -> Cumple | N7: HABILITADO
A8: =PROPONENTES!A10 -> 2 | B8: =PROPONENTES!B10 -> BONGA BUSTAMANTE S.A.S. | C8: ='1. JURÍDICOS'!AH5 -> CUMPLE | D8: ='2. EXPERIENCIA'!R6 -> NO CUMPLE | E8: ='3. FINANCIERA'!U6 -> CUMPLE | F8: ='4. CAPACIDAD ORGANIZACIONAL'!S6 -> CUMPLE | H8: ='6. REQUISITOS TÉCNICOS'!T6 -> NO CUMPLE | L8: =HLOOKUP("No Cumple",C8:K8,1,0) -> NO CUMPLE | M8: =IFERROR(L8,"Cumple") -> NO CUMPLE | N8: RECHAZADO
A9: =PROPONENTES!A11 -> 3 | B9: =PROPONENTES!B11 -> CORPORACION INSTITUTO DE ADMINISTRACION Y FINANZAS | C9: ='1. JURÍDICOS'!AH6 -> Cumple | D9: ='2. EXPERIENCIA'!R8 -> CUMPLE | E9: ='3. FINANCIERA'!U7 -> CUMPLE | F9: ='4. CAPACIDAD ORGANIZACIONAL'!S7 -> CUMPLE | H9: ='6. REQUISITOS TÉCNICOS'!T7 -> CUMPLE | L9: =HLOOKUP("No Cumple",C9:K9,1,0) -> #N/A | M9: =IFERROR(L9,"Cumple") -> Cumple | N9: HABILITADO
A10: =PROPONENTES!A12 -> 4 | B10: =PROPONENTES!B12 -> FUNVIVIR ONG | C10: ='1. JURÍDICOS'!AH7 -> Cumple | D10: ='2. EXPERIENCIA'!R10 -> CUMPLE | E10: ='3. FINANCIERA'!U8 -> CUMPLE | F10: ='4. CAPACIDAD ORGANIZACIONAL'!S8 -> CUMPLE | H10: ='6. REQUISITOS TÉCNICOS'!T8 -> CUMPLE | N10: HABILITADO

Sheet 1. JURÍDICOS
A1: HABILITANTES JURIDICOS
A2: No. | B2: EVALUACIÓN REQUISITOS HABILITANTES DE CARÁCTER JURÍDICO PARA INFORME | D2: EMPRESAS QUE CONFORMAN CONSORCIO | E2: % PARTICIPACIÓN | F2: CARTA DE PRESENTACION DE LA PROPUESTA | G2: OBJETO SOCIAL | H2: DOCUMENTO CONFORMACION CONSORCIO O UNION TEMPORAL | I2: CERTIFICADO DE EXISTENCIA Y REPRESENTACION LEGAL O CERTIFICADO INSCRIPCION REGISTRO MERCANTIL | J2: FOTOCOPIA CEDULA DE CIUDADANIA | K2: APORTES SISTEMA SEGURIDAD SOCIAL | L2: BOLETIN RESPONSABLES FISCALES DE LA CONTRALORIA GENERAL DE LA REPUBLICA PERSONA JURIDICA | M2: BOLETIN RESPONSABLES FISCALES DE LA CONTRALORIA GENERAL DE LA REPUBLICA PERSONA NATURAL | N2: ANTECEDENTES DISCIPLINARIOS PROCURADURIA PERSONA JURIDICA | O2: ANTECEDENTES DISCIPLINARIOS PROCURADURIA PERSONA NATURAL | P2: ANTECEDENTES PERSONERIA DISTRITAL | Q2: ANTECEDENTES JUDICIALES | R2: CERTIFICADO SISTEMA NACIONAL DE MEDIDAS CORRECTIVAS RNMC | S2: CONSULTA INHABILIDADES DELITOS SEXUALES | T2: REGISTRO DEUDORES ALIMENTARIOS MOROSOS REDAM | U2: CERTIFICADO DE INSCRIPCION Y CLASIFICACION DEL PROPONENTE RUP | V2: REGSTRO UNICO TRIBUTARIO RUT | W2: GARANTIA DE SERIEDAD DE LA PROPUESTA | X2: COMPROMISO ANTICORRUPCION | Y2: DECLARACION INHABILIDADES E INCOMPATIBILIDADES | AG2: RESULTADO EVALUACIÓN | AH2: RESULTADO EVALUACIÓN FINAL | AI2: OBSERVACIONES
B3: ENTIDAD | C3: NIT
A4: =PROPONENTES!A9 -> 1 | B4: =PROPONENTES!B9 -> ADIFCOL | C4: =PROPONENTES!D9 -> 900.216.251-5 | D4: =PROPONENTES!C9 -> N/A | E4: =PROPONENTES!G9 -> 1 | F4: Cumple | G4: Cumple | H4: No aplica | I4: Cumple | J4: Cumple | K4: Cumple | L4: Cumple | M4: No aplica | N4: Cumple | O4: No aplica | P4: Cumple | Q4: Cumple | R4: Cumple | S4: Cumple | T4: Cumple | U4: Cumple | V4: Cumple | W4: Cumple | X4: Cumple | Y4: Cumple | AG4: CUMPLE | AH4: CUMPLE | AI4: El proponente allega durante el termino de traslado, los documentos requeridos por parte del comite evaluador, en consecuencia, subsana en debida forma su propuesta, y cumple con los requisitos juridicos habilitantes.
A5: =PROPONENTES!A10 -> 2 | B5: =PROPONENTES!B10 -> BONGA BUSTAMANTE S.A.S. | C5: =PROPONENTES!D10 -> 800.181.439-7 | D5: =PROPONENTES!C10 -> N/A | E5: =PROPONENTES!G10 -> 1 | F5: Cumple | G5: Cumple | H5: No aplica | I5: Cumple | J5: Cumple | K5: Cumple | L5: Cumple | M5: No aplica | N5: Cumple | O5: No aplica | P5: Cumple | Q5: Cumple | R5: Cumple | S5: Cumple | T5: Cumple | U5: Cumple | V5: Cumple | W5: Cumple | X5: Cumple | Y5: Cumple | AG5: CUMPLE | AH5: CUMPLE | AI5: El proponente allega durante el termino de traslado, los documentos requeridos por parte del comite evaluador, en consecuencia, subsana en debida forma su propuesta, y cumple con los requisitos juridicos habilitantes.
A6: =PROPONENTES!A11 -> 3 | B6: =PROPONENTES!B11 -> CORPORACION INSTITUTO DE ADMINISTRACION Y FINANZAS | C6: =PROPONENTES!D11 -> 891.408.248-5 | D6: =PROPONENTES!C11 -> N/A | E6: =PROPONENTES!G11 -> 1 | F6: Cumple | G6: Cumple | H6: No aplica | I6: Cumple | J6: Cumple | K6: Cumple | L6: Cumple | M6: No aplica | N6: Cumple | O6: No aplica | P6: Cumple | Q6: Cumple | R6: Cumple | S6: Cumple | T6: Cumple | U6: Cumple | V6: Cumple | W6: Cumple | X6: Cumple | Y6: Cumple | AG6: Cumple | AH6: Cumple | AI6: El proponente allega durante el termino de traslado, los documentos requeridos por parte del comite evaluador, en consecuencia, subsana en debida forma su propuesta, y cumple con los requisitos juridicos habilitantes.
A7: =PROPONENTES!A12 -> 4 | B7: =PROPONENTES!B12 -> FUNVIVIR ONG | C7: =PROPONENTES!D12 -> 900.239.272-9 | D7: =PROPONENTES!C12 -> N/A | E7: =PROPONENTES!G12 -> 1 | F7: Cumple | G7: Cumple | H7: No aplica | I7: Cumple | J7: Cumple | K7: Cumple | L7: Cumple | M7: No aplica | N7: Cumple | O7: No aplica | P7: Cumple | Q7: Cumple | R7: Cumple | S7: Cumple | T7: Cumple | U7: Cumple | V7: Cumple | W7: Cumple | X7: Cumple | Y7: Cumple | AG7: Cumple | AH7: Cumple | AI7: El proponente allega durante el termino de traslado, los documentos requeridos por parte del comite evaluador, en consecuencia, subsana en debida forma su propuesta, y cumple con los requisitos juridicos habilitantes.

Sheet 2. EXPERIENCIA
A1: CONDICIONES EXPERIENCIA
A2: No. | B2: EVALUACIÓN REQUISITO HABILITANTE DE CONDICIONES DE EXPERIENCIA PARA INFORME | E2: EMPRESA QUE APORTA LA EXPERIENCIA | F2: VALOR DEL CONTRATO EN SMMLV | G2: PORCENTAJE DE PARTICIPACION (SI APLICA) | H2: No. CONTRATO | I2: Nombre o razón social del contratante | J2: Objeto del contrato (relacionado con el proceso) | K2: firma autorizada | L2: códigos | M2: Fecha de iniciación | N2: Fecha de terminación | Q2: RESULTADO EVALUACIÓN | R2: RESULTADO EVALUACIÓN FINAL | S2: OBSERVACIONES
B3: PROPONENTE | C3: INTEGRANTES | D3: NIT
A4: =PROPONENTES!A9 -> 1 | B4: =PROPONENTES!B9 -> ADIFCOL | C4: =PROPONENTES!C9 -> N/A | D4: =PROPONENTES!D9 -> 900.216.251-5 | E4: ADIFCOL | F4: 335.1 | G4: 1 | H4: FDLCH-CPS-256-2020 | I4: Cumple | J4: Cumple | K4: Cumple | L4: Cumple | M4: Cumple | N4: Cumple | Q4: CUMPLE | R4: CUMPLE | S4: El oferente subsana, conforme lo relacionado en el pliego de condiciones especificación 3 del numeral 8.1.3.1. EXPERIENCIA DEL PROPONENTE, "Los contratos aportados para la verificar la experiencia específica, se deben relacionar con número consecutivo como se encuentra en el respectivo RUP y para ello se diligenciará el anexo correspondiente.". Asi las cosas, el formato aportado para validar experiencia contiene esta información.
E5: ADIFCOL | F5: 253.33 | G5: 1 | H5: 243-2020 | I5: Cumple | J5: Cumple | K5: Cumple | L5: Cumple | M5: Cumple | N5: Cumple | Q5: CUMPLE | R5: CUMPLE | S5: Conforme lo relacionado en el pliego de condiciones especificación 3 del numeral 8.1.3.1. EXPERIENCIA DEL PROPONENTE, "Los contratos aportados para la verificar la experiencia específica, se deben relacionar con número consecutivo como se encuentra en el respectivo RUP y para ello se diligenciará el anexo correspondiente.". Asi las cosas, el formato aportado para validar experiencia no contiene esta información lo que hace imposible verificar en el RUP el referido contrato.
A6: =PROPONENTES!A10 -> 2 | B6: =PROPONENTES!B10 -> BONGA BUSTAMANTE S.A.S. | C6: =PROPONENTES!C10 -> N/A | D6: =PROPONENTES!D10 -> 800.181.439-7 | E6: =+B6 -> BONGA BUSTAMANTE S.A.S. | F6: 301.87 | G6: 1 | H6: 194-08 | I6: Cumple | J6: No Cumple | K6: No Cumple | L6: No Cumple | M6: No Cumple | N6: No Cumple | Q6: NO CUMPLE | R6: NO CUMPLE | S6: El contrato no cumple con lo establecido en Especificación 2: Se requiere que al menos una (1) de las experiencias corresponda al código clase: 81111800: “Servicios de sistemas y administración de componentes de sistemas” o 81112300: “Mantenimiento y soporte de Hardware de Computador”. del numeral 8.1.3.1. EXPERIENCIA DEL PROPONENTE del pliego de condiciones, pues no registra alguno de los codigos referidos en dicha especificación.
E7: =+B6 -> BONGA BUSTAMANTE S.A.S. | F7: 301.87 | G7: 1 | H7: 073-10 | I7: Cumple | J7: No Cumple | K7: Cumple | L7: Cumple | M7: Cumple | N7: Cumple | Q7: NO CUMPLE | R7: NO CUMPLE | S7: El oferente subsana, no obstante, el contrato no cumple con lo establecido en el numeral 8.1.3.1. EXPERIENCIA DEL PROPONENTE "El proponente debe acreditar la experiencia con base en la liquidación de máximo dos (2) contratos, cuyo objeto corresponda a actividades relacionadas con el objeto contractual, tales como, generación de espacios de participación a lideres o capacitaciones y fortalecimiento a centros, ya sea con entidad públicas o privadas", toda vez que la certificación no permite verificar que el contrato este liquidado ni se evidencia en el objeto alguna de esas actividades solicitadas en el referido numeral.
A8: =PROPONENTES!A11 -> 3 | B8: =PROPONENTES!B11 -> CORPORACION INSTITUTO DE ADMINISTRACION Y FINANZAS | C8: =PROPONENTES!C11 -> N/A | D8: =PROPONENTES!D11 -> 891.408.248-5 | E8: =B8 -> CORPORACION INSTITUTO DE ADMINISTRACION Y FINANZAS | F8: 330,37_x000D_ | G8: 1 | H8: 004 CIAF | I8: Cumple | J8: Cumple | K8: Cumple | L8: Cumple | M8: Cumple | N8: Cumple | Q8: CUMPLE | R8: CUMPLE | S8: El oferente subsana, conforme lo relacionado en el pliego de condiciones especificación 3 del numeral 8.1.3.1. EXPERIENCIA DEL PROPONENTE, "Los contratos aportados para la verificar la experiencia específica, se deben relacionar con número consecutivo como se encuentra en el respectivo RUP y para ello se diligenciará el anexo correspondiente.". Asi las cosas, el formato aportado para validar experiencia no contiene esta información lo que hace imposible verificar en el RUP el referido contrato.Adicionalmente no cumple con lo establecido en el numeral 8.1.3.1. EXPERIENCIA DEL PROPONENTE "El proponente debe acreditar la experiencia con base en la liquidación de máximo dos (2) contratos, cuyo objeto corresponda a actividades relacionadas con el objeto contractual, tales como, generación de espacios de participación a lideres o capacitaciones y fortalecimiento a centros, ya sea con entidad públicas o privadas".
F9: 818.71 | G9: 1 | H9: 3260 DE 28 DE ENERO DE 2022 | I9: Cumple | J9: Cumple | K9: Cumple | L9: Cumple | M9: Cumple | N9: Cumple | Q9: CUMPLE | R9: CUMPLE | S9: El oferente subsana, conforme lo relacionado en el pliego de condiciones especificación 3 del numeral 8.1.3.1. EXPERIENCIA DEL PROPONENTE, "Los contratos aportados para la verificar la experiencia específica, se deben relacionar con número consecutivo como se encuentra en el respectivo RUP y para ello se diligenciará el anexo correspondiente.". Asi las cosas, el formato aportado para validar experiencia no contiene esta información lo que hace imposible verificar en el RUP el referido contrato.Adicionalmente no cumple con lo establecido en el numeral 8.1.3.1. EXPERIENCIA DEL PROPONENTE "El proponente debe acreditar la experiencia con base en la liquidación de máximo dos (2) contratos, cuyo objeto corresponda a actividades relacionadas con el objeto contractual, tales como, generación de espacios de participación a lideres o capacitaciones y fortalecimiento a centros, ya sea con entidad públicas o privadas".
A10: =PROPONENTES!A12 -> 4 | B10: =PROPONENTES!B12 -> FUNVIVIR ONG | C10: =PROPONENTES!C12 -> N/A | D10: =PROPONENTES!D12 -> 900.239.272-9 | E10: =B10 -> FUNVIVIR ONG | F10: 141.07 | G10: 1 | H10: 182 DE 2009 | I10: Cumple | J10: Cumple | K10: Cumple | L10: Cumple | M10: Cumple | N10: Cumple | Q10: CUMPLE | R10: CUMPLE | S10: El oferente subsana, conforme lo relacionado en el pliego de condiciones especificación 3 del numeral 8.1.3.1. EXPERIENCIA DEL PROPONENTE, "Los contratos aportados para la verificar la experiencia específica, se deben relacionar con número consecutivo como se encuentra en el respectivo RUP y para ello se diligenciará el anexo correspondiente.".
F11: 43 | G11: 1 | H11: 3774-2015 | I11: Cumple | J11: Cumple | K11: Cumple | L11: Cumple | M11: Cumple | N11: Cumple | Q11: CUMPLE | S11: El oferente subsana, conforme lo relacionado en el pliego de condiciones especificación 3 del numeral 8.1.3.1. EXPERIENCIA DEL PROPONENTE, "Los contratos aportados para la verificar la experiencia específica, se deben relacionar con número consecutivo como se encuentra en el respectivo RUP y para ello se diligenciará el anexo correspondiente.". Asi las cosas, el formato aportado para validar experiencia no contiene esta información lo que hace imposible verificar en el RUP el referido contrato. Adicionalmente no cumple con lo establecido en el numeral 8.1.3.1. EXPERIENCIA DEL PROPONENTE "El proponente debe acreditar la experiencia con base en la liquidación de máximo dos (2) contratos, cuyo objeto corresponda a actividades relacionadas con el objeto contractual, tales como, generación de espacios de participación a lideres o capacitaciones y fortalecimiento a centros, ya sea con entidad públicas o privadas", No obtante la certificación no permite verificar que el contrato este liquidado.

Sheet 3. FINANCIERA
A1: CARÁCTER FINANCIERO | O1: INDICADORES DE CAPACIDAD FINANCIERA
A2: No. | B2: EVALUACIÓN REQUISITO HABILITANTE DE CARÁCTER FINANCIERO PARA INFORME | D2: ACTIVO CORRIENTE | E2: ACTIVO TOTAL | F2: PASIVO CORRIENTE | G2: PASIVO TOTAL | H2: PATRIMONIO | I2: UTILIDAD / PERDIDA OPERACIONAL | J2: GASTOS DE INTERESES | K2: ACTIVO TOTAL - PASIVO TOTAL - PATRIMONIO | L2: CAPITAL DE TRABAJO (Activo Corriente - Pasivo Corriente) | M2: Porcentaje de participación ( en caso de consorcio o unión temporal) | N2: VALOR DEL PRESUPUESTO OFICIAL | O2: Liquidez (Activo Corriente / Pasivo Corriente) | Q2: Endeudamiento (Pasivo Total / Activo Total) | S2: Razón Cobertura de Intereses (Utilidad Operacional / Gastos de Intereses) | U2: RESULTADO EVALUACIÓN FINAL | V2: OBSERVACIONES
B3: ENTIDAD | C3: NIT | O3: 1.62 | Q3: 0.5 | S3: 1.9
O4: INDICE | P4: RESULTADO | Q4: INDICE | R4: RESULTADO | S4: INDICE | T4: RESULTADO
A5: =PROPONENTES!A9 -> 1 | B5: =PROPONENTES!B9 -> ADIFCOL | C5: =PROPONENTES!D9 -> 900.216.251-5 | D5: =PROPONENTES!H9 -> 1438713437 | E5: =PROPONENTES!I9 -> 1522585274 | F5: =PROPONENTES!J9 -> 101454276 | G5: =PROPONENTES!K9 -> 101454276 | H5: =PROPONENTES!L9 -> 1421130998 | I5: =PROPONENTES!M9 -> 299047000 | J5: =PROPONENTES!N9 -> 6892000 | K5: =+E5-G5-H5 -> 0 | L5: =+D5-F5 -> 1337259161 | M5: 1 | N5: =PROPONENTES!$B$4 -> 575150000 | O5: =+D5/F5 -> 14.180905 | P5: =+IF(O5>=$O$3,"HABILITADO","NO HABILITADO") -> HABILITADO | Q5: =+G5/E5 -> 0.066632902 | R5: =+IF(Q5<=$Q$3,"HABILITADO","NO HABILITADO") -> HABILITADO | S5: =+I5/J5 -> 43.390453 | T5: =+IF(S5>=$S$3,"HABILITADO","NO HABILITADO") -> HABILITADO | U5: CUMPLE
A6: =PROPONENTES!A10 -> 2 | B6: =PROPONENTES!B10 -> BONGA BUSTAMANTE S.A.S. | C6: =PROPONENTES!D10 -> 800.181.439-7 | D6: =PROPONENTES!H10 -> 970980472 | E6: =PROPONENTES!I10 -> 1314480472 | F6: =PROPONENTES!J10 -> 275000000 | G6: =PROPONENTES!K10 -> 275000000 | H6: =PROPONENTES!L10 -> 1039480472 | I6: =PROPONENTES!M10 -> 209071321 | J6: =PROPONENTES!N10 -> 0 | K6: =+E6-G6-H6 -> 0 | L6: =+D6-F6 -> 695980472 | M6: 1 | N6: =PROPONENTES!$B$4 -> 575150000 | O6: =+D6/F6 -> 3.5308381 | P6: =+IF(O6>=$O$3,"HABILITADO","NO HABILITADO") -> HABILITADO | Q6: =+G6/E6 -> 0.20920813 | R6: =+IF(Q6<=$Q$3,"HABILITADO","NO HABILITADO") -> HABILITADO | S6: INDETERMINADO | T6: =+IF(S6>=$S$3,"HABILITADO","NO HABILITADO") -> HABILITADO | U6: CUMPLE
A7: =PROPONENTES!A11 -> 3 | B7: =PROPONENTES!B11 -> CORPORACION INSTITUTO DE ADMINISTRACION Y FINANZAS | C7: =PROPONENTES!D11 -> 891.408.248-5 | D7: =PROPONENTES!H11 -> 4774976597 | E7: =PROPONENTES!I11 -> 7125807030 | F7: =PROPONENTES!J11 -> 1344136494 | G7: =PROPONENTES!K11 -> 2540232236 | H7: =PROPONENTES!L11 -> 4585574794 | I7: =PROPONENTES!M11 -> 2111579922 | J7: =PROPONENTES!N11 -> 88840526 | K7: =+E7-G7-H7 -> 0 | L7: =+D7-F7 -> 3430840103 | M7: 1 | N7: =PROPONENTES!$B$4 -> 575150000 | O7: =+D7/F7 -> 3.5524492 | P7: =+IF(O7>=$O$3,"HABILITADO","NO HABILITADO") -> HABILITADO | Q7: =+G7/E7 -> 0.35648344 | R7: =+IF(Q7<=$Q$3,"HABILITADO","NO HABILITADO") -> HABILITADO | S7: =+I7/J7 -> 23.768206 | T7: =+IF(S7>=$S$3,"HABILITADO","NO HABILITADO") -> HABILITADO | U7: CUMPLE
A8: =PROPONENTES!A12 -> 4 | B8: =PROPONENTES!B12 -> FUNVIVIR ONG | C8: =PROPONENTES!D12 -> 900.239.272-9 | D8: =PROPONENTES!H12 -> 189846304 | E8: =PROPONENTES!I12 -> 189846304 | F8: =PROPONENTES!J12 -> 52355193 | G8: =PROPONENTES!K12 -> 52355193 | H8: =PROPONENTES!L12 -> 137491111 | I8: =PROPONENTES!M12 -> 61602514 | J8: =PROPONENTES!N12 -> 209000 | K8: =+E8-G8-H8 -> 0 | L8: =+D8-F8 -> 137491111 | M8: 1 | N8: =PROPONENTES!$B$4 -> 575150000 | O8: =+D8/F8 -> 3.6261217 | P8: =+IF(O8>=$O$3,"HABILITADO","NO HABILITADO") -> HABILITADO | Q8: =+G8/E8 -> 0.27577673 | R8: =+IF(Q8<=$Q$3,"HABILITADO","NO HABILITADO") -> HABILITADO | S8: =+I8/J8 -> 294.74887 | T8: =+IF(S8>=$S$3,"HABILITADO","NO HABILITADO") -> HABILITADO | U8: CUMPLE

Sheet 4. CAPACIDAD ORGANIZACIONAL
A1: CARÁCTER ORGANIZACIONAL | O1: INDICADORES CAPACIDAD ORGANIZACIONAL
A2: No. | B2: EVALUACIÓN REQUISITO HABILITANTE DE CARÁCTER ORGANIZACIONAL PARA INFORME | D2: ACTIVO CORRIENTE | E2: ACTIVO TOTAL | F2: PASIVO CORRIENTE | G2: PASIVO TOTAL | H2: PATRIMONIO | I2: UTILIDAD / PERDIDA OPERACIONAL | J2: GASTOS DE INTERESES | K2: ACTIVO TOTAL - PASIVO TOTAL - PATRIMONIO | L2: CAPITAL DE TRABAJO (Activo Corriente - Pasivo Corriente) | M2: Porcentaje de participación ( en caso de consorcio o unión temporal) | N2: VALOR DEL PRESUPUESTO OFICIAL | O2: Rentabilidad del Patrimonio MAYOR O IGUAL >= A 0 (Utilidad Operacional / Patrimonio) | Q2: Rentabilidad del Activo MAYOR O IGUAL >= A 0 (Utilidad Operacional / Activo Total) | S2: RESULTADO EVALUACIÓN FINAL | T2: OBSERVACIONES
B3: ENTIDAD | C3: NIT | O3: 0.06 | Q3: 0.06
O4: INDICE | P4: RESULTADO | Q4: INDICE | R4: RESULTADO
A5: =PROPONENTES!A9 -> 1 | B5: =PROPONENTES!B9 -> ADIFCOL | C5: =PROPONENTES!D9 -> 900.216.251-5 | D5: =PROPONENTES!H9 -> 1438713437 | E5: =PROPONENTES!I9 -> 1522585274 | F5: =PROPONENTES!J9 -> 101454276 | G5: =PROPONENTES!K9 -> 101454276 | H5: =PROPONENTES!L9 -> 1421130998 | I5: =PROPONENTES!M9 -> 299047000 | J5: =PROPONENTES!N9 -> 6892000 | K5: =+E5-G5-H5 -> 0 | L5: =+D5-F5 -> 1337259161 | M5: 0 | N5: =PROPONENTES!$B$4 -> 575150000 | O5: =+I5/H5 -> 0.21042888 | P5: =+IF(O5>=$O$3,"HABILITADO","NO HABILITADO") -> HABILITADO | Q5: =+I5/E5 -> 0.19640739 | R5: =+IF(Q5>=$Q$3,"HABILITADO","NO HABILITADO") -> HABILITADO | S5: CUMPLE
A6: =PROPONENTES!A10 -> 2 | B6: =PROPONENTES!B10 -> BONGA BUSTAMANTE S.A.S. | C6: =PROPONENTES!D10 -> 800.181.439-7 | D6: =PROPONENTES!H10 -> 970980472 | E6: =PROPONENTES!I10 -> 1314480472 | F6: =PROPONENTES!J10 -> 275000000 | G6: =PROPONENTES!K10 -> 275000000 | H6: =PROPONENTES!L10 -> 1039480472 | I6: =PROPONENTES!M10 -> 209071321 | J6: =PROPONENTES!N10 -> 0 | K6: =+E6-G6-H6 -> 0 | L6: =+D6-F6 -> 695980472 | M6: 70% 30% | N6: =PROPONENTES!$B$4 -> 575150000 | O6: =+I6/H6 -> 0.20113059 | P6: =+IF(O6>=$O$3,"HABILITADO","NO HABILITADO") -> HABILITADO | Q6: =+I6/E6 -> 0.15905244 | R6: =+IF(Q6>=$Q$3,"HABILITADO","NO HABILITADO") -> HABILITADO | S6: CUMPLE
A7: =PROPONENTES!A11 -> 3 | B7: =PROPONENTES!B11 -> CORPORACION INSTITUTO DE ADMINISTRACION Y FINANZAS | C7: =PROPONENTES!D11 -> 891.408.248-5 | D7: =PROPONENTES!H11 -> 4774976597 | E7: =PROPONENTES!I11 -> 7125807030 | F7: =PROPONENTES!J11 -> 1344136494 | G7: =PROPONENTES!K11 -> 2540232236 | H7: =PROPONENTES!L11 -> 4585574794 | I7: =PROPONENTES!M11 -> 2111579922 | J7: =PROPONENTES!N11 -> 88840526 | K7: =+E7-G7-H7 -> 0 | L7: =+D7-F7 -> 3430840103 | M7: 0.5 | N7: =PROPONENTES!$B$4 -> 575150000 | O7: =+I7/H7 -> 0.46048315 | P7: =+IF(O7>=$O$3,"HABILITADO","NO HABILITADO") -> HABILITADO | Q7: =+I7/E7 -> 0.29632853 | R7: =+IF(Q7>=$Q$3,"HABILITADO","NO HABILITADO") -> HABILITADO | S7: CUMPLE
A8: =PROPONENTES!A12 -> 4 | B8: =PROPONENTES!B12 -> FUNVIVIR ONG | C8: =PROPONENTES!D12 -> 900.239.272-9 | D8: =PROPONENTES!H12 -> 189846304 | E8: =PROPONENTES!I12 -> 189846304 | F8: =PROPONENTES!J12 -> 52355193 | G8: =PROPONENTES!K12 -> 52355193 | H8: =PROPONENTES!L12 -> 137491111 | I8: =PROPONENTES!M12 -> 61602514 | J8: =PROPONENTES!N12 -> 209000 | K8: =+E8-G8-H8 -> 0 | L8: =+D8-F8 -> 137491111 | M8: 0 | N8: =PROPONENTES!$B$4 -> 575150000 | O8: =+I8/H8 -> 0.44804725 | P8: =+IF(O8>=$O$3,"HABILITADO","NO HABILITADO") -> HABILITADO | Q8: =+I8/E8 -> 0.32448624 | R8: =+IF(Q8>=$Q$3,"HABILITADO","NO HABILITADO") -> HABILITADO | S8: CUMPLE

Sheet 5. CAPITAL DE TRABAJO
A1: CAPITAL DE TRABAJO
A2: No. | B2: EVALUACIÓN REQUISITO HABILITANTE CAPITAL DE TRABAJO | D2: CAPITAL DE TRABAJO (Activo Corriente - Pasivo Corriente) | E2: VALOR DEL PRESUPUESTO OFICIAL | F2: RESULTADO | G2: RESULTADO EVALUACIÓN FINAL | H2: OBSERVACIONES
B3: ENTIDAD | C3: NIT
A5: ='3. FINANCIERA'!A5 -> 1 | B5: ='3. FINANCIERA'!B5 -> ADIFCOL | C5: ='3. FINANCIERA'!C5 -> 900.216.251-5 | D5: ='4. CAPACIDAD ORGANIZACIONAL'!L5 -> 1337259161 | E5: =80%*PROPONENTES!$B$4 -> 460120000 | F5: =+IF(D5>=E5,"HABILITADO","NO HABILITADO") -> HABILITADO | G5: CUMPLE
A6: ='3. FINANCIERA'!A6 -> 2 | B6: ='3. FINANCIERA'!B6 -> BONGA BUSTAMANTE S.A.S. | C6: ='3. FINANCIERA'!C6 -> 800.181.439-7 | D6: ='4. CAPACIDAD ORGANIZACIONAL'!L6 -> 695980472 | E6: =80%*PROPONENTES!$B$4 -> 460120000 | F6: =+IF(D6>=E6,"HABILITADO","NO HABILITADO") -> HABILITADO | G6: CUMPLE
A7: ='3. FINANCIERA'!A7 -> 3 | B7: ='3. FINANCIERA'!B7 -> CORPORACION INSTITUTO DE ADMINISTRACION Y FINANZAS | C7: ='3. FINANCIERA'!C7 -> 891.408.248-5 | D7: ='4. CAPACIDAD ORGANIZACIONAL'!L7 -> 3430840103 | E7: =80%*PROPONENTES!$B$4 -> 460120000 | F7: =+IF(D7>=E7,"HABILITADO","NO HABILITADO") -> HABILITADO | G7: CUMPLE
A8: ='3. FINANCIERA'!A8 -> 4 | B8: ='3. FINANCIERA'!B8 -> FUNVIVIR ONG | C8: ='3. FINANCIERA'!C8 -> 900.239.272-9 | D8: ='4. CAPACIDAD ORGANIZACIONAL'!L8 -> 137491111 | E8: =80%*PROPONENTES!$B$4 -> 460120000 | F8: =+IF(D8>=E8,"HABILITADO","NO HABILITADO") -> NO HABILITADO | G8: CUMPLE
A9: ='3. FINANCIERA'!#REF! -> #REF! | B9: ='3. FINANCIERA'!#REF! -> #REF! | C9: ='3. FINANCIERA'!#REF! -> #REF! | D9: ='4. CAPACIDAD ORGANIZACIONAL'!#REF! -> #REF! | E9: =80%*PROPONENTES!$B$4 -> 460120000 | F9: =+IF(D9>=E9,"HABILITADO","NO HABILITADO") -> #REF! | G9: CUMPLE
A10: ='3. FINANCIERA'!#REF! -> #REF! | B10: ='3. FINANCIERA'!#REF! -> #REF! | C10: ='3. FINANCIERA'!#REF! -> #REF! | D10: ='4. CAPACIDAD ORGANIZACIONAL'!#REF! -> #REF! | E10: =80%*PROPONENTES!$B$4 -> 460120000 | F10: =+IF(D10>=E10,"HABILITADO","NO HABILITADO") -> #REF! | G10: CUMPLE
A11: ='3. FINANCIERA'!#REF! -> #REF! | B11: ='3. FINANCIERA'!#REF! -> #REF! | C11: ='3. FINANCIERA'!#REF! -> #REF! | D11: ='4. CAPACIDAD ORGANIZACIONAL'!#REF! -> #REF! | E11: =80%*PROPONENTES!$B$4 -> 460120000 | F11: =+IF(D11>=E11,"HABILITADO","NO HABILITADO") -> #REF! | G11: CUMPLE
A12: ='3. FINANCIERA'!#REF! -> #REF! | B12: ='3. FINANCIERA'!#REF! -> #REF! | C12: ='3. FINANCIERA'!#REF! -> #REF! | D12: ='4. CAPACIDAD ORGANIZACIONAL'!#REF! -> #REF! | E12: =80%*PROPONENTES!$B$4 -> 460120000 | F12: =+IF(D12>=E12,"HABILITADO","NO HABILITADO") -> #REF! | G12: CUMPLE
A13: ='3. FINANCIERA'!#REF! -> #REF! | B13: ='3. FINANCIERA'!#REF! -> #REF! | C13: ='3. FINANCIERA'!#REF! -> #REF! | D13: ='4. CAPACIDAD ORGANIZACIONAL'!#REF! -> #REF! | E13: =80%*PROPONENTES!$B$4 -> 460120000 | F13: =+IF(D13>=E13,"HABILITADO","NO HABILITADO") -> #REF! | G13: CUMPLE
A14: ='3. FINANCIERA'!#REF! -> #REF! | B14: ='3. FINANCIERA'!#REF! -> #REF! | C14: ='3. FINANCIERA'!#REF! -> #REF! | D14: ='4. CAPACIDAD ORGANIZACIONAL'!#REF! -> #REF! | E14: =80%*PROPONENTES!$B$4 -> 460120000 | F14: =+IF(D14>=E14,"HABILITADO","NO HABILITADO") -> #REF! | G14: CUMPLE
A15: ='3. FINANCIERA'!#REF! -> #REF! | B15: ='3. FINANCIERA'!#REF! -> #REF! | C15: ='3. FINANCIERA'!#REF! -> #REF! | D15: ='4. CAPACIDAD ORGANIZACIONAL'!#REF! -> #REF! | E15: =80%*PROPONENTES!$B$4 -> 460120000 | F15: =+IF(D15>=E15,"HABILITADO","NO HABILITADO") -> #REF! | G15: CUMPLE
A16: ='3. FINANCIERA'!#REF! -> #REF! | B16: ='3. FINANCIERA'!#REF! -> #REF! | C16: ='3. FINANCIERA'!#REF! -> #REF! | D16: ='4. CAPACIDAD ORGANIZACIONAL'!#REF! -> #REF! | E16: =80%*PROPONENTES!$B$4 -> 460120000 | F16: =+IF(D16>=E16,"HABILITADO","NO HABILITADO") -> #REF! | G16: CUMPLE
A17: ='3. FINANCIERA'!#REF! -> #REF! | B17: ='3. FINANCIERA'!#REF! -> #REF! | C17: ='3. FINANCIERA'!#REF! -> #REF! | D17: ='4. CAPACIDAD ORGANIZACIONAL'!#REF! -> #REF! | E17: =80%*PROPONENTES!$B$4 -> 460120000 | F17: =+IF(D17>=E17,"HABILITADO","NO HABILITADO") -> #REF! | G17: CUMPLE
A18: ='3. FINANCIERA'!#REF! -> #REF! | B18: ='3. FINANCIERA'!#REF! -> #REF! | C18: ='3. FINANCIERA'!#REF! -> #REF! | D18: ='4. CAPACIDAD ORGANIZACIONAL'!#REF! -> #REF! | E18: =80%*PROPONENTES!$B$4 -> 460120000 | F18: =+IF(D18>=E18,"HABILITADO","NO HABILITADO") -> #REF! | G18: CUMPLE

Sheet Hoja de formulas
A1: Juridica
A2: Carta de presentación de la propuesta (Anexo No.1 CARTA DE PRESENTACIÓN DE LA PROPUESTA) | B2: Póliza de seriedad de la oferta (valor del 10% del valor del presupuesto oficial, con una vigencia mínima de 3 meses) | C2: Fotocopia de la cédula de ciudadanía del proponente o representante legal. | D2: Certificado de existencia y representación legal o certificado de matrícula mercantil (No superior a 30 días calendario) | E2: Acta de Junta de Socios | F2: Poder cuando la propuesta se presente por un representante | G2: Documento de conformación del consorcio o unión temporal si es la condición del oferente | H2: Apoderado para proponentes extranjeros (poder especial) | I2: Certificaciones sobre el cumplimiento de las obligaciones de seguridad social y pago de aportes parafiscales (Anexo 2. Certificación de pagos de seguridad social y aportes parafiscales) | J2: Verificación boletín de responsables fiscales | K2: Verificación de antecendes disciplinarios procuraduría | L2: Verificación de antecedentes judiales policía nacional | M2: Verificación de antecedentes disciplinarios personería | N2: Registro Único Tributario RUT | O2: Registro de Información Tributaria RIT | P2: Declaración de no estar incluido en la slistas nacionales e internacionales de lavados de activos (Anexo.3) | Q2: Verificación de estar al día en el pago de multas en el registro nacional de medidas correctivas del Ministerio de Defensa Nacional - Policia Nacional
A3: Cumple | B3: Cumple | C3: Cumple | D3: Cumple | E3: Cumple | F3: Cumple | G3: Cumple | H3: Cumple | I3: Cumple | J3: Cumple | K3: Cumple | L3: Cumple | M3: Cumple | N3: Cumple | O3: Cumple | P3: Cumple | Q3: Cumple
A4: No Cumple | B4: No Cumple | C4: No Cumple | D4: No Cumple | E4: No Cumple | F4: No Cumple | G4: No Cumple | H4: No Cumple | I4: No Cumple | J4: No Cumple | K4: No Cumple | L4: No Cumple | M4: No Cumple | N4: No Cumple | O4: No Cumple | P4: No Cumple | Q4: No Cumple
A5: No aplica | B5: No aplica | C5: No aplica | D5: No aplica | E5: No aplica | F5: No aplica | G5: No aplica | H5: No aplica | I5: No aplica | J5: No aplica | K5: No aplica | L5: No aplica | M5: No aplica | N5: No aplica | O5: No aplica | P5: No aplica | Q5: No aplica
A8: EXPERIENCIA
A9: • Nombre del contratante que certifica | B9: • Nombre del ejecutor a quien se le expide la certificación | C9: • Objeto del Contrato, el cual debe estar relacionado con el objeto de la presente convocatoria | D9: • Fecha del contrato | E9: • Firma de la persona que expide la certificación | F9: • Dirección y teléfono de verificación. | G9: RESULTADO
A10: Si | B10: Si | C10: Si | D10: 2000 | E10: Si | F10: Si | G10: CUMPLE
A11: No | B11: No | C11: No | D11: 2001 | E11: No | F11: No | G11: NO CUMPLE
D12: 2002
D13: 2003
D14: 2004
D15: 2005
D16: 2006
D17: 2007
D18: 2008
D19: 2009
D20: 2010
D21: 2011
D22: 2012
D23: 2013
A24: FINANCIERA | D24: 2014
A25: Cumple | D25: 2015
A26: No cumple | D26: 2016
D27: 2017
D28: 2018
D29: 2019
D30: 2020
D31: 2021
D32: 2022
D33: 2023
A35: RESULTADO EVALUACIÓN PRELIMINAR
A36: Habilitado | C36: RUP | D36: RESULTADO | G36: Esp Técnicas
A37: No habilitado | C37: Si | D37: Cumple | G37: Si
C38: No | D38: No cumple | G38: No

Sheet 6. REQUISITOS TÉCNICOS
A1: REQUISITOS TÉCNICOS
A2: No. | B2: EVALUACIÓN REQUISITOS TÉCNICOS | D2: FORMATO DE BUENAS PRACTICAS AMBIENTALES | E2: EQUIPO MINIMO DE TRABAJO | T2: RESULTADO EVALUACIÓN FINAL | U2: OBSERVACIONES
B3: ENTIDAD | C3: NIT
A5: ='3. FINANCIERA'!A5 -> 1 | B5: ='3. FINANCIERA'!B5 -> ADIFCOL | C5: ='3. FINANCIERA'!C5 -> 900.216.251-5 | D5: Si | E5: Si | R5: =HLOOKUP("NO",D5:Q5,1,0) -> #N/A | S5: =IFERROR(R5,"SI") -> SI | T5: CUMPLE | U5: El oferente subsana, allega los perfiles expuestos en el punto 5.1.3 de los estudios previos. Equipo Mínimo de Trabajo COORDINADOR GENERAL y APOYO ADMINISTRATIVO.
A6: ='3. FINANCIERA'!A6 -> 2 | B6: ='3. FINANCIERA'!B6 -> BONGA BUSTAMANTE S.A.S. | C6: ='3. FINANCIERA'!C6 -> 800.181.439-7 | D6: No | E6: No | R6: =HLOOKUP("NO",D6:Q6,1,0) -> No | S6: =IFERROR(R6,"SI") -> No | T6: NO CUMPLE | U6: No se allega por parte del proponente Carta de Compromiso de Buenas Prácticas Ambientales (FORMATO) conforme a lo estipulado en literal Buenas prácticas ambientales del numeral 8.1.3.1. EXPERIENCIA DEL PROPONENTE del pliego de condiciones. Por otro lado, tampoco se allega por parte del proponente las hojas de vida del personal relacionado en el literal Equipo Mínimo de Trabajo del numeral 8.1.3.1. EXPERIENCIA DEL PROPONENTE del pliego de condiciones.
A7: ='3. FINANCIERA'!A7 -> 3 | B7: ='3. FINANCIERA'!B7 -> CORPORACION INSTITUTO DE ADMINISTRACION Y FINANZAS | C7: ='3. FINANCIERA'!C7 -> 891.408.248-5 | D7: Si | E7: Si | R7: =HLOOKUP("NO",D7:Q7,1,0) -> #N/A | S7: =IFERROR(R7,"SI") -> SI | T7: CUMPLE | U7: Cumple con los REQUISITOS HABILITANTES TÉCNICOS, expuestos en el punto 5.1.3 de los estudios previos. Equipo Mínimo de Trabajo COORDINADOR GENERAL y APOYO ADMINISTRATIVO.
A8: ='3. FINANCIERA'!A8 -> 4 | B8: ='3. FINANCIERA'!B8 -> FUNVIVIR ONG | C8: ='3. FINANCIERA'!C8 -> 900.239.272-9 | D8: Si | E8: Si | R8: =HLOOKUP("NO",D8:Q8,1,0) -> #N/A | S8: =IFERROR(R8,"SI") -> SI | T8: CUMPLE | U8: El proponente subsana y se allega por parte del proponente las hojas de vida del personal relacionado en el literal Equipo Mínimo de Trabajo del numeral 8.1.3.1.
A9: ='3. FINANCIERA'!#REF! -> #REF! | B9: ='3. FINANCIERA'!#REF! -> #REF! | C9: ='3. FINANCIERA'!#REF! -> #REF! | R9: =HLOOKUP("NO",D9:Q9,1,0) -> #N/A | S9: =IFERROR(R9,"SI") -> SI
A10: ='3. FINANCIERA'!#REF! -> #REF! | B10: ='3. FINANCIERA'!#REF! -> #REF! | C10: ='3. FINANCIERA'!#REF! -> #REF!
A11: ='3. FINANCIERA'!#REF! -> #REF! | B11: ='3. FINANCIERA'!#REF! -> #REF! | C11: ='3. FINANCIERA'!#REF! -> #REF!
A12: ='3. FINANCIERA'!#REF! -> #REF! | B12: ='3. FINANCIERA'!#REF! -> #REF! | C12: ='3. FINANCIERA'!#REF! -> #REF!
A13: ='3. FINANCIERA'!#REF! -> #REF! | B13: ='3. FINANCIERA'!#REF! -> #REF! | C13: ='3. FINANCIERA'!#REF! -> #REF!
A14: ='3. FINANCIERA'!#REF! -> #REF! | B14: ='3. FINANCIERA'!#REF! -> #REF! | C14: ='3. FINANCIERA'!#REF! -> #REF!
A15: ='3. FINANCIERA'!#REF! -> #REF! | B15: ='3. FINANCIERA'!#REF! -> #REF! | C15: ='3. FINANCIERA'!#REF! -> #REF!
A16: ='3. FINANCIERA'!#REF! -> #REF! | B16: ='3. FINANCIERA'!#REF! -> #REF! | C16: ='3. FINANCIERA'!#REF! -> #REF!
A17: ='3. FINANCIERA'!#REF! -> #REF! | B17: ='3. FINANCIERA'!#REF! -> #REF! | C17: ='3. FINANCIERA'!#REF! -> #REF!
A18: ='3. FINANCIERA'!#REF! -> #REF! | B18: ='3. FINANCIERA'!#REF! -> #REF! | C18: ='3. FINANCIERA'!#REF! -> #REF!
